AoeStats
← Super.Adz

Highland

504320508Analyzed
3v3 RM · 27d ago on Sep 4, 2026· 63m 42s· 6 players
Game mode
Random Map
Map size
Normal (6 player)
Population
200
Speed
Normal
Resources
Standard
Victory
Conquest
Starting age
Dark Age
Ending age
Imperial Age
RankedLock teamsTeams togetherTeam positionsShared explorationLock speedFull tech treeHidden civsTurbo modeCheats
Victory
Defeat
🇷🇺 Goths · Russia
766
+15
🇷🇺 Britons · Russia
759
+16
🇵🇰 Bohemians · Pakistan
810
-18
🇬🇧 Khmer · United Kingdom
738
-15
🇬🇧 Turks · United Kingdom
711
-13
Omeireles
11:45 Feudal Age
12:15 Double-Bit Axe
12:50 Horse Collar
23:51 Castle Age
24:46 Bow Saw
24:38 Heavy Plow
28:29 Pikeman
33:27 Gold Mining
36:14 Imperial Age
34:21 Wheelbarrow
33:31 Town Watch
34:58 Elite Skirmisher
37:11 Heavy Scorpion
38:25 Forging
40:31 Bloodlines
41:44 Caravan
41:47 Fletching
42:02 Padded Archer Armor
42:27 Ballistics
42:13 Siege Engineers
45:35 Murder Holes
45:44 Double Crossbow
48:44 Onager
51:04 Conscription
53:17 Husbandry
59:14 Iron Casting
58:39 Scale Mail Armor
58:35 Bodkin Arrow
58:57 Leather Archer Armor
58:48 Scale Barding Armor
59:52 Chemistry
59:18 Elite Battle Elephant
billyraza786
10:54 Feudal Age
11:54 Double-Bit Axe
11:52 Horse Collar
17:28 Castle Age
18:18 Heavy Plow
18:35 Bow Saw
22:12 Wheelbarrow
26:39 Hand Cart
42:51 Caravan
49:03 Imperial Age
50:19 Wagenburg Tactics
51:28 Husbandry
50:48 Cavalier
52:22 Scale Barding Armor
52:27 Forging
53:24 Chemistry
52:35 Fortified Wall
52:37 Siphons
55:24 Elite Cannon Galleon
58:39 Light Cavalry
Super.Adz
14:06 Feudal Age
16:39 Man-at-Arms
19:15 Double-Bit Axe
19:13 Horse Collar
20:33 Gold Mining
23:06 Bloodlines
25:05 Castle Age
26:06 Wheelbarrow
26:07 Squires
26:37 Heavy Plow
26:49 Bow Saw
29:58 Husbandry
30:50 Sipahi
30:15 Long Swordsman
34:09 Hand Cart
41:41 Ballistics
41:36 Murder Holes
44:22 Imperial Age
46:12 Artillery
47:08 Elite Janissary
52:58 Thumb Ring
53:39 Conscription
53:13 Town Watch
54:54 Two-Man Saw
Компьютерный мастер
8:15 Loom
10:47 Feudal Age
11:27 Double-Bit Axe
14:02 Horse Collar
21:00 Wheelbarrow
20:25 Gold Mining
23:01 Castle Age
22:21 Fletching
23:26 Padded Archer Armor
23:50 Elite Skirmisher
23:52 Crossbowman
24:41 Thumb Ring
25:15 Bodkin Arrow
26:12 Leather Archer Armor
26:46 Scale Mail Armor
27:25 Bow Saw
28:54 Ballistics
29:36 Light Cavalry
30:25 Scale Barding Armor
32:21 Chain Mail Armor
32:30 Chain Barding Armor
34:06 Gold Shaft Mining
33:59 Forging
44:58 Imperial Age
45:17 Onager
47:01 Siege Engineers
48:10 Siege Onager
51:29 Chemistry
56:04 Halberdier
59:44 Iron Casting
59:13 Bracer
59:26 Stone Mining
60:38 Two-Man Saw
60:19 Hussar
Tonny
10:14 Feudal Age
8:31 Loom
11:15 Double-Bit Axe
11:56 Horse Collar
12:48 Gold Mining
15:21 Wheelbarrow
20:37 Castle Age
19:28 Padded Archer Armor
19:20 Fletching
21:21 Wheelbarrow
20:53 Padded Archer Armor
21:45 Bow Saw
22:03 Stone Mining
22:38 Town Watch
23:24 Heavy Plow
23:28 Crossbowman
25:14 Hand Cart
27:37 Fervor
28:08 Bodkin Arrow
29:10 Leather Archer Armor
30:30 Caravan
31:20 Ballistics
31:12 Masonry
33:05 Gold Shaft Mining
32:55 Treadmill Crane
34:17 Yeomen
36:55 Imperial Age
37:03 Arbalester
38:51 Chemistry
37:58 Siege Engineers
39:01 Two-Man Saw
38:44 Town Patrol
38:49 Bracer
39:20 Ring Archer Armor
40:06 Conscription
40:58 Warwolf
41:22 Murder Holes
44:48 Onager
54:14 Architecture
SAM[OGB]
0:30 Loom
10:49 Feudal Age
10:54 Man-at-Arms
15:21 Horse Collar
15:30 Double-Bit Axe
21:27 Castle Age
20:54 Forging
21:09 Scale Mail Armor
23:28 Iron Casting
23:33 Wheelbarrow
23:22 Squires
24:39 Hand Cart
24:47 Bow Saw
24:56 Town Watch
24:44 Pikeman
29:25 Chain Mail Armor
32:01 Anarchy
37:26 Gold Mining
42:04 Imperial Age
44:01 Conscription
44:02 Perfusion
46:23 Blast Furnace
47:54 Elite Huskarl
Connection lost

Rejoining the realm…

Still unreachable

The connection could not be restored.

Session expired

The server has moved on; the page needs a fresh start.